 Dungeon Crawl Stone Soup version 0.24-a0-537-g2d01d4ab0a (webtiles) character file.

Game seed: 5906288161789744938

114 MordorOrchid the Ruffian (level 4, 0/26 HPs)
             Began as a Gargoyle Wanderer on Aug 16, 2019.
             Killed by divine providence
             ... invoked by an orc priest
              (12 damage)
             ... on level 3 of the Dungeon.
             The game lasted 00:08:03 (2592 turns).

MordorOrchid the Ruffian (Gargoyle Wanderer)        Turns: 2592, Time: 00:08:04

Health: 0/26       AC: 16    Str: 20    XL:     4   Next: 98%
Magic:  5/5        EV:  9    Int: 15    God:
Gold:   92         SH:  0    Dex:  6    Spells: 3/3 levels left

rFire    . . .     SeeInvis .     - Unarmed
rCold    . . .     Gourm    .   (no shield)
rNeg     + . .     Faith    .   d - +2 scale mail
rPois    ∞         Spirit   .   p - +1 helmet
rElec    +         Reflect  .   n - +0 cloak
rCorr    .         Harm     .   (no gloves)
MR       .....                  i - +0 pair of boots
Stlth    ..........             (no amulet)
HPRegen  0.08/turn              v - +3 ring of intelligence
MPRegen  0.09/turn              (no ring)

@: no status effects
A: negative energy resistance 1, electricity resistance, unbreathing,
petrification resistance, rot immunity, AC +3
a: no special abilities


You were on level 3 of the Dungeon.
You were hungry.

You visited 1 branch of the dungeon, and saw 3 of its levels.

You collected 92 gold pieces.

Inventory:

Hand Weapons
 j - a +0 hunting sling
 k - a +2 quarterstaff of chaos
 t - a +2 dagger of freezing
Missiles
 e - 2 boomerangs
 g - 30 poisoned darts (quivered)
 l - 73 arrows
Armour
 d - a +2 scale mail (worn)
 i - a +0 pair of boots (worn)
 n - a +0 cloak (worn)
 p - a +1 helmet (worn)
Jewellery
 v - a +3 ring of intelligence (left hand)
Wands
 m - a wand of acid (6)
Scrolls
 a - 2 scrolls of fog {unknown}
 h - a scroll of immolation {unknown}
 o - a scroll of magic mapping {unknown}
 r - a scroll of teleportation {unknown}
 u - a scroll of remove curse
Potions
 b - 2 potions of curing
 c - a potion of lignification
 s - a potion of brilliance
 w - a potion of mutation
Comestibles
 f - 4 rations


   Skills:
 - Level 2.1 Fighting
   Level 2.0 Bows
 * Level 3.1 Armour
 - Level 2.1 Stealth
 * Level 3.6 Unarmed Combat
 - Level 1.7 Evocations


You had 3 spell levels left.
You didn't know any spells.
Your spell library was empty.

Dungeon Overview and Level Annotations

Branches:
Dungeon (3/15)

Altars:
Qazlal


Innate Abilities, Weirdness & Mutations

You are resistant to torment.
Your stone body is resilient. (AC +3)
You are immune to poison.
You resist negative energy. (rN+)
You are resistant to electric shocks. (rElec)
You can survive without breathing.
You are immune to petrification.
You are immune to rotting.


Message History

You are too injured to fight recklessly!
You are too injured to fight recklessly!
You are too injured to fight recklessly!
You are too injured to fight recklessly!
You are too injured to fight recklessly!
You are too injured to fight recklessly!
You are too injured to fight recklessly!
You hit the orc priest.
The orc priest is heavily wounded.
The orc priest hits you but does no damage.
You barely miss the orc priest.
The orc priest is heavily wounded.
The orc priest hits you but does no damage.
You hit the orc priest.
The orc priest is almost dead.
You hit the orc priest.
The orc priest is almost dead.
The orc priest calls down the wrath of Beogh upon you.
Beogh smites you!
You die...

#..#.#### #.....#
##)#..# ### #.#..# ..#
#.#..### #.# #.#....[
#.# ..##.### #o# ####.#
# #@# #.### #.##########
#.... #.#........# #####
#.#.######.# #
.######.#.#...##.#
..)>........#.##.#######
.######...#...##........
###....)..########
#.##.##†# #


You could see an orc priest.

Vanquished Creatures
  Crazy Yiuf (D:2)
  2 adders (D:2)
  A worm (D:3)
  3 leopard geckos
  7 orcs
  6 bats
  5 giant cockroaches
  4 goblins
  2 hobgoblins
  6 jackals
  4 kobolds
  A ball python (D:3)
  4 frilled lizards (D:1)
  8 rats
54 creatures vanquished.

Notes
Turn   | Place    | Note
-------+----------+-------------------------------------------
     0 | D:1      | MordorOrchid the Gargoyle Wanderer began the quest for the
                  | Orb.
     0 | D:1      | MordorOrchid set off with the following items: a +0 club, a
                  | potion of curing, a potion of lignification, a +2 scale
                  | mail, a +0 dagger, a ration
     0 | D:1      | Reached XP level 1. HP: 12/12 MP: 2/2
   176 | D:1      | Reached XP level 2. HP: 16/17 MP: 3/3
   934 | D:2      | Reached XP level 3. HP: 14/21 MP: 4/4
  1086 | D:2      | Found a runed translucent door.
  1087 | D:2      | Noticed Crazy Yiuf
  1408 | D:2      | Killed Crazy Yiuf
  1408 | D:2      | Reached XP level 4. HP: 3/26 MP: 5/5
  1412 | D:2      | HP: 1/26 [goblin/+0 dagger (2)]
  2367 | D:3      | Found a stormy altar of Qazlal.
  2592 | D:3      | Killed from afar by an orc priest

Levels and vault maps discovered:
D:1:      minmay_arrival_four_houses, layout_loops_corners,
          kennysheep_minor_cross
D:2:      layout_loops_ring, uniq_crazy_yiuf_cottage
D:3:      layout_loops_ring, nicolae_overflow_crystal_walls,
          nicolae_overflow_hidden_temple, nicolae_qazlal_general_emergency,
          first_ration

Skill      XL: |  1  2  3  4 |
---------------+-------------+-----
Armour         | 2 3 |  3.1
Unarmed Combat | 2 3 |  3.6
Fighting       | |  2.1
Bows           | |  2.0
Stealth        | |  2.1
Evocations     | |  1.7

Action                   |  1- 3 |  4- 6 || total
-------------------------+-------+-------++-------
Melee: Unarmed           |   119 |   193 ||   312
       Punch             |       |     3 ||     3
       Quarterstaff      |       |     1 ||     1
Throw: Dart              |    12 |     2 ||    14
  Use: Potion            |     1 |       ||     1
       Scroll            |       |     3 ||     3
  Eat: Chunk             |     1 |     5 ||     6
Armor: Scale mail        |    72 |   137 ||   209
Dodge: Dodged            |    63 |   119 ||   182

Table legend:
 A = Non-vault XP
 B = Vault XP
 C = Vault XP percentage of total XP
 D = Non-vault monster count
 E = Vault monster count
 F = Vault count percentage of total count
                 A         B        C        D         E       F
            +---------+---------+-------+---------+---------+-------
      Total |     123 |      41 |  25.0 |      53 |       1 |   1.9
            +---------+---------+-------+---------+---------+-------
        D:1 |      28 |       0 |   0.0 |      17 |       0 |   0.0
        D:2 |      58 |      41 |  41.4 |      19 |       1 |   5.0
        D:3 |      37 |       0 |   0.0 |      17 |       0 |   0.0
            +---------+---------+-------+---------+---------+-------
